 Dungeon Sprint DCSS version 0.30.1-4-g462c640d31 (webtiles) character file.

Game seed: 11377388230690216995

254 Heoruswealwe the Unseen (level 6, -2/37 HPs)
             Began as a Kobold Monk on Sept 7, 2023.
             Splashed by a jelly's acid (6 damage)
             ... in the Dungeon (Sprint I: "Red Sonja").
             The game lasted 00:05:44 (252 turns).

Heoruswealwe the Unseen (Kobold Monk)                Turns: 252, Time: 00:05:46

Health: -2/37      AC: -5    Str:  8    XL:     6   Next: 38%
Magic:  6/6        EV: 16    Int: 11    God:
Gold:   216        SH:  0    Dex: 20    Spells: 5/5 levels left

rFire   . . .        a - +1 dagger (flame)
rCold   . . .        (no shield)
rNeg    . . .        c - +1 robe {Will+}
rPois   .            (no helmet)
rElec   .            (no cloak)
rCorr   .            (no gloves)
SInv    .            (no boots)
Will    +....        (no amulet)
Stlth   ++++++++     (no ring)
HPRegen 0.26/turn    (no ring)
MPRegen 0.10/turn

%: no teleportation
@: corroded
A: small, no large weapons, nightstalker 3
a: no special abilities


You were in the Dungeon.
You visited 1 branch You collected 216 gold pieces.

Inventory:

Hand Weapons
 a - a +1 dagger of flaming (weapon)
Armour
 c - a +1 robe of willpower (worn)
Wands
 i - a wand of digging (5)
Scrolls
 j - a scroll of blinking
Potions
 e - a potion of curing


   Skills:
 - Level 3.2 Fighting
 - Level 4.0 Short Blades
 - Level 3.6 Dodging
 + Level 16.8 Stealth


You had 5 spell levels left.
You didn't know any spells.
Your spell library was empty.

Dungeon Overview and Level Annotations

Branches:
Dungeon (1/1)

Altars:
Sif Muna
Vehumet
Wu Jian


Innate Abilities, Weirdness & Mutations

You are small and have problems with some larger weapons.
You are completely attuned to the shadows.


Message History

You see here a +0 hand axe.
The jelly quivers.
The jelly hits you but does no damage.
You hit the jelly. You burn the jelly.
Your hands burn!
The jelly is lightly wounded.
The jelly barely misses you.
You hit the jelly. You burn the jelly.
Your hands burn!
The jelly is heavily wounded.
The jelly barely misses you.
You hit the jelly. You burn the jelly.
Your hands burn!
The jelly is heavily wounded.
The jelly misses you.
You hit the jelly. You burn the jelly. The acid corrodes you!
Your hands burn!
The jelly is severely wounded.
The jelly hits you. The acid corrodes you!
You are splashed with acid.
You hit the jelly. You burn the jelly.
Your hands burn!
The jelly is almost dead.
You hit the jelly but do no damage.
Your hands burn!
The jelly is almost dead.
The jelly hits you.
You are splashed with acid!
* * * LOW HITPOINT WARNING * * *
You feel better. The jelly completely misses you.
You barely miss the jelly.
The jelly is almost dead.
The jelly hits you.
* * * LOW HITPOINT WARNING * * *
The acid corrodes you!
You are splashed with acid.
* * * LOW HITPOINT WARNING * * *
You feel better. The jelly closely misses you.
You hit the jelly but do no damage.
Your hands burn!
* * * LOW HITPOINT WARNING * * *
The jelly is almost dead.
The jelly closely misses you.
You hit the jelly but do no damage.
Your hands burn!
* * * LOW HITPOINT WARNING * * *
The jelly is almost dead.
The jelly hits you.
* * * LOW HITPOINT WARNING * * *
You are splashed with acid.
You die...

################
#<.#..'.[#..'..#
#..[..#.)'..#..+
#..#####'#####'#
#..# #..# #)#
#..# #### ##)#
#..# #+#_.+ #⌠⌠#
+..@_# ##.#
#_J#+# #..# ##+
####


You could see a jelly.

Vanquished Creatures
  Sigmund (D)
  An ogre (D)
  Ijyb (D)
3 creatures vanquished.

Notes
Turn   | Place    | Note
-------+----------+-------------------------------------------
     0 | D        | Heoruswealwe the Kobold Monk began the quest for the Orb.
     0 | D        | Reached XP level 1. HP: 14/14 MP: 1/1
     1 | D        | Noticed Ijyb
    15 | D        | Killed Ijyb
    16 | D        | Reached skill level 8 in Stealth
    16 | D        | Reached XP level 2. HP: 10/19 MP: 2/2
    16 | D        | Reached XP level 3. HP: 12/23 MP: 3/3
   107 | D        | Noticed an ogre
   110 | D        | Killed an ogre
   111 | D        | Reached skill level 12 in Stealth
   111 | D        | Reached XP level 4. HP: 28/28 MP: 4/4
   111 | D        | Reached XP level 5. HP: 32/32 MP: 5/5
   120 | D        | Noticed Sigmund
   141 | D        | Killed Sigmund
   142 | D        | Reached skill level 16 in Stealth
   142 | D        | Reached XP level 6. HP: 22/37 MP: 6/6
   236 | D        | Found an ornate altar of the Wu Jian Council.
   237 | D        | Found a shimmering blue altar of Sif Muna.
   238 | D        | Found a radiant altar of Vehumet.
   249 | D        | HP: 1/37 [acid (6)]
   252 | D        | Splashed by a jelly's acid

Illustrated notes

Levels and vault maps discovered:
D:        dungeon_sprint_1 [red_sonja_temple_1, red_sonja_temple_small_1]

Skill      XL: |  1  2  3  4  5 |
---------------+----------------+-----
Stealth        | 8 12 16 | 16.8
Fighting       | |  3.2
Short Blades   | |  4.0
Dodging        | |  3.6

Action                     |  1- 3 |  4- 6 || total
---------------------------+-------+-------++-------
  Melee: Short sword       |     8 |       ||     8
         Dagger            |     1 |    25 ||    26
  Evoke: Wand              |     1 |       ||     1
    Use: Potion            |     1 |     4 ||     5
   Stab: Sleeping          |     1 |       ||     1
 Armour: Robe              |       |     1 ||     1
  Dodge: Dodged            |     2 |     9 ||    11
